Map: 潛水艇 - 天梯版

Players

ShibaGom - Winner!

  • Race: Protoss Protoss
  • League: Diamond
  • Spawn Location: 11:00

SkySkrapr

  • Race: Terran Terran
  • League: Master
  • Spawn Location: 5:00

VOD

Have the link to the VOD?

Description

Time

  • Played on: June 29, 2020, 4:17 a.m.
  • Length: 15:55
Show
View Real Time Build Order
Export as new Build Order

ShibaGom Protoss - Winner!

Build Orders: Zealot Archon, Dark Templar Rush 

Get SALT Encoding   

  12  0:00  Probe  
  13  0:12  Probe  
  14  0:21  Pylon  
  14  0:25  Probe  
  15  0:35  Probe  
  15  0:40  Gateway  
  16  0:43  Probe  
  16  0:49  Assimilator  
  17  0:58  Probe, Pylon  
  18  1:10  Probe  
  19  1:17  Gateway  
  19  1:22  Probe  
  20  1:29  Cybernetics Core  
  20  1:35  Probe  
  21  1:46  Assimilator  
  21  1:53  Probe  
  22  1:56  Stalker  
  22  1:59  Stalker  
  24  2:10  Probe  
  24  2:11  Shield Battery  
  24  2:15  Pylon  
  27  2:25  Adept  
  27  2:29  Stalker  
  31  2:46  Twilight Council  
  31  3:00  Probe  
  31  3:03  Warp Gate  
  32  3:13  Probe  
  32  3:15  Gateway  
  33  3:36  Probe  
  33  3:38  Nexus  
  33  3:40  Pylon  
  34  3:43  Dark Shrine  
  34  3:55  Probe  
  33  4:11  Shield Battery  
  33  4:18  Robotics Facility  
  33  4:30  Probe  
  34  4:42  Probe  
  35  4:50  Pylon  
  35  4:55  Probe  
  35  4:56  Warp Prism  
  35  4:58  Dark Templar x3  
  35  4:59  Charge  
  42  5:03  Probe  
  46  5:07  Probe  
  46  5:15  Probe  
  46  5:19  Probe  
  44  5:27  Probe  
  45  5:31  Probe  
  46  5:39  Probe  
  47  5:43  Probe  
  48  5:51  Probe  
  48  5:53  Assimilator  
  48  5:55  Probe, Dark Templar  
  48  5:56  Dark Templar  
  54  5:57  Assimilator  
  54  6:00  Pylon  
  54  6:01  Gateway  
  54  6:02  Gateway  
  54  6:03  Probe  
  55  6:07  Probe  
  56  6:12  Warp Prism, Gateway  
  56  6:15  Probe  
  49  6:19  Probe  
  53  6:33  Gateway  
  53  6:36  Gateway  
  52  6:50  Pylon  
  51  7:11  Dark Templar x3  
  51  7:12  Dark Templar  
  51  7:13  Nexus  
  59  7:16  Archon x2  
  59  7:18  Zealot x2  
  63  7:28  Zealot  
  65  7:40  Probe  
  66  7:46  Templar Archives  
  66  7:47  Forge  
  66  7:49  Probe  
  66  7:50  Protoss Ground Weapons Level 1  
  67  7:52  Shield Battery  
  67  7:55  Pylon  
  67  7:57  Sentry x2  
  71  7:58  Zealot x2  
  71  7:59  Zealot x2, Psionic Storm  
  71  8:01  Probe  
  76  8:27  High Templar x2  
  76  8:28  Zealot x3  
  76  8:29  Probe  
  76  8:32  Probe  
  88  8:38  Pylon  
  88  8:50  Zealot x3  
  94  9:00  Probe  
  94  9:01  Probe  
  96  9:04  Pylon  
  96  9:05  Zealot x4  
  104  9:15  Zealot x3  
  110  9:19  Zealot  
  112  9:32  Probe  
  112  9:38  Zealot  
  115  9:41  Zealot x2  
  115  9:42  Zealot x3  
  123  9:54  Pylon  
  123  9:56  Pylon  
  123  9:57  Pylon  
  123  9:58  Pylon  
  123  10:01  Protoss Ground Weapons Level 2  
  123  10:12  Probe  
  124  10:20  Zealot x3  
  124  10:21  Zealot x4  
  134  10:27  Gateway  
  122  10:44  Probe  
  122  10:45  Immortal  
  121  10:51  High Templar  
  121  10:52  High Templar x6  
  139  11:00  Archon  
  139  11:03  Gateway  
  139  11:04  Gateway  
  139  11:09  Probe  
  140  11:13  Robotics Facility  
  140  11:23  Zealot  
  140  11:24  Zealot x3  
  148  11:30  Probe  
  148  11:31  Pylon  
  144  11:35  Zealot x3  
  144  11:39  Archon  
  142  11:40  Zealot  
  138  11:50  Zealot x2  
  134  11:59  Zealot x6  
  144  12:03  Immortal, Assimilator  
  144  12:10  Assimilator  
  144  12:14  Forge  
  146  12:18  Robotics Bay  
  146  12:28  Pylon  
  146  12:31  Pylon  
  146  12:32  Pylon  
  146  12:33  Nexus  
  146  12:34  High Templar x5  
  146  12:35  Observer  
  156  12:38  Archon x2  
  156  12:43  Protoss Ground Armor Level 1, Protoss Ground Weapons Level 3  
  157  12:45  Pylon  
  157  12:47  Pylon  
  157  12:48  Pylon  
  157  12:50  Photon Cannon  
  157  12:51  Shield Battery  
  157  12:54  Colossus  
  157  12:56  Extended Thermal Lance  
  163  13:09  Colossus  
  169  13:33  Photon Cannon  
  169  13:36  Photon Cannon  
  169  13:38  Photon Cannon  
  169  13:40  Colossus  
  165  13:49  Zealot x3  
  167  13:56  Observer  
  146  14:12  Probe  
  146  14:13  Probe x2  
  146  14:15  Warp Prism  
  149  14:21  Pylon  
  151  14:24  Twilight Council  
  151  14:25  Zealot x5  
  151  14:32  Warp Prism  
  151  14:37  High Templar x4  
  157  14:39  Probe x2  
  157  14:41  Zealot  
  159  14:46  Zealot x3  
  159  14:51  Zealot  
  159  14:57  Archon  
  159  14:58  Archon x3  
  149  15:01  Zealot  
  149  15:02  Probe  
  152  15:15  Zealot x5  
  152  15:16  Zealot x2  
  152  15:18  High Templar  
  152  15:19  High Templar  
  160  15:31  Zealot x2  
  150  15:37  Zealot x5  
Show
View Real Time Build Order
Export as new Build Order

SkySkrapr Terran 

Build Orders: Reaper Expand 

Get SALT Encoding   

  12  0:01  SCV  
  13  0:13  SCV  
  14  0:17  Supply Depot  
  14  0:26  SCV  
  15  0:39  SCV  
  15  0:40  Barracks  
  16  0:43  Refinery  
  16  0:51  SCV  
  17  1:03  SCV  
  18  1:15  SCV  
  19  1:28  Orbital Command  
  19  1:29  Reaper  
  20  1:48  Command Center  
  20  1:56  SCV  
  20  1:59  Supply Depot  
  20  2:00  Marine  
  23  2:08  SCV  
  23  2:13  Factory  
  23  2:18  Refinery  
  23  2:22  SCV  
  24  2:29  Barracks Reactor  
  24  2:38  Bunker  
  24  2:41  SCV  
  24  2:47  Bunker  
  24  2:56  SCV  
  25  2:59  Barracks  
  25  3:02  Factory Tech Lab  
  25  3:06  Marine  
  25  3:07  Marine  
  25  3:08  SCV  
  27  3:14  Supply Depot  
  27  3:21  Command Center  
  27  3:23  SCV  
  28  3:35  SCV  
  29  3:43  Supply Depot  
  29  3:45  Marine  
  30  3:48  Barracks Tech Lab  
  30  3:52  SCV  
  31  3:56  Supply Depot  
  30  4:05  SCV  
  30  4:08  Cyclone, Marine x2  
  30  4:09  Marine  
  35  4:15  Supply Depot  
  35  4:17  SCV  
  36  4:25  Marine  
  36  4:26  Marine x2  
  39  4:32  SCV  
  40  4:41  Barracks  
  40  4:44  Marine x3  
  43  4:56  Siege Tank  
  46  5:02  Marine x3  
  49  5:07  SCV  
  50  5:16  Orbital Command  
  50  5:19  SCV  
  50  5:20  Marine  
  46  5:25  Marine x2  
  47  5:35  SCV  
  48  5:36  Starport  
  45  5:47  SCV  
  44  5:50  SCV  
  44  5:53  Siege Tank  
  48  5:59  SCV, Supply Depot  
  48  6:06  SCV, Marine  
  48  6:07  Barracks Tech Lab  
  48  6:08  Marine  
  51  6:11  SCV  
  51  6:16  Starport Tech Lab  
  52  6:18  SCV  
  52  6:19  Barracks Tech Lab  
  52  6:25  SCV  
  54  6:28  Marine x3  
  54  6:30  SCV  
  58  6:37  SCV  
  59  6:43  SCV  
  59  6:44  Raven  
  62  6:50  SCV  
  63  6:55  SCV  
  63  6:57  Marine  
  63  6:58  Marine  
  63  6:59  Marauder x2  
  70  7:03  Refinery  
  70  7:06  SCV  
  70  7:07  SCV  
  71  7:15  Marine  
  71  7:16  Refinery  
  76  7:22  Marauder  
  76  7:23  Marauder  
  76  7:25  SCV x2  
  77  7:40  Marine x2  
  77  7:42  Siege Tank  
  77  7:44  SCV, Marauder  
  85  7:47  Command Center  
  85  7:48  SCV  
  86  7:54  Supply Depot  
  86  7:56  Supply Depot  
  86  7:58  Starport Reactor  
  86  8:03  Engineering Bay  
  86  8:16  SCV x2, Marauder  
  90  8:20  Marauder, Marine x2  
  90  8:25  Combat Shield, Stimpack  
  90  8:26  Barracks  
  94  8:27  Barracks  
  94  8:28  SCV x2  
  94  8:31  Terran Infantry Weapons Level 1  
  96  8:34  Medivac  
  98  8:43  Marauder x2  
  102  8:57  Marine  
  102  8:58  Supply Depot, Marine  
  102  8:59  Supply Depot, Orbital Command, Siege Tank  
  102  9:02  SCV x2  
  108  9:05  Marauder  
  108  9:06  Marauder  
  108  9:07  Medivac  
  114  9:14  Medivac  
  116  9:17  SCV x2  
  116  9:18  Barracks Tech Lab  
  118  9:25  Orbital Command  
  118  9:26  Ghost Academy  
  118  9:27  Barracks Reactor  
  118  9:29  SCV x2  
  120  9:37  Marauder x2  
  124  9:38  Marine  
  124  9:39  Marine  
  124  9:43  SCV  
  124  9:44  Supply Depot  
  124  9:45  Supply Depot  
  127  9:51  SCV  
  127  9:52  SCV  
  129  9:54  Medivac x2  
  129  9:55  SCV  
  136  10:01  Refinery  
  136  10:04  SCV  
  135  10:24  Marine x3  
  135  10:27  SCV x3, Unknown, Marine  
  135  10:28  Refinery  
  132  10:39  SCV  
  127  10:46  Command Center  
  127  10:49  Command Center  
  118  10:51  Unknown x2  
  122  11:04  SCV x2  
  124  11:05  Barracks Reactor  
  124  11:06  Marauder  
  126  11:16  SCV  
  127  11:18  Marine x2  
  127  11:20  SCV  
  127  11:23  Unknown x2, Marauder x2  
  134  11:27  Marauder  
  134  11:28  SCV  
  126  11:49  Terran Infantry Armor Level 1  
  115  12:00  Marauder, Marine x3  
  115  12:01  Marauder, Marine x2  
  121  12:02  Orbital Command  
  118  12:12  Medivac x2  
  118  12:15  SCV x2  
  123  12:18  Marine x4  
  127  12:25  Marauder  
  133  12:36  Marine x2  
  135  12:47  Marauder  
  135  12:48  Marine x2  
  138  12:52  Unknown x2  
  138  12:53  Marauder x2  
  141  13:02  SCV x2  
  141  13:03  SCV  
  144  13:08  Armory, Marauder  
  144  13:09  Engineering Bay  
  146  13:14  SCV, Marauder  
  146  13:15  Marauder, Sensor Tower  
  146  13:16  Marine x4  
  155  13:29  Marauder  
  155  13:33  Barracks  
  155  13:34  Barracks x2  
  157  13:38  Supply Depot x2  
  157  13:49  Marine x3  
  142  14:13  Marauder x3, Marine x4  
  152  14:22  Medivac x2  
  156  14:31  Marine x2  
  152  14:34  Marauder  
  152  14:35  Marauder x2, Marine x2  
  158  14:49  Marine x2  
  156  14:56  Marauder  
  127  15:00  Marauder x2  
  127  15:06  Marine x4  
  125  15:09  Liberator x2  
  132  15:17  Marauder  
  120  15:29  Marauder x2  
Tags
 
Add a new tag
Caveats
  • Supply blocks, unpowered buildings, or Contaminate may cause inaccurate times.
  • Supply counts are checked every 10 seconds.